 Dungeon Crawl Stone Soup version 0.20.0-7-g3b7b877 (webtiles) character file.

24 Chiseanne the Vexing (level 2, 0/16 HPs)
             Began as a Deep Elf Arcane Marksman on May 28, 2017.
             Slain by a bat (1 damage)
             ... on level 2 of the Dungeon.
             The game lasted 00:02:30 (1341 turns).

Chiseanne the Vexing (Deep Elf Arcane Marksman)     Turns: 1341, Time: 00:02:30

Health: 0/16       AC:  3    Str:  7    XL:     2   Next: 79%
Magic:  5/6        EV: 13    Int: 17    God:
Gold:   59         SH:  0    Dex: 15    Spells: 1/4 levels left

rFire    . . .     SeeInvis .   w - +0 hunting sling
rCold    . . .     Gourm    .   (no shield)
rNeg     . . .     Faith    .   g - +0 leather armour
rPois    .         Spirit   .   (no helmet)
rElec    .         Reflect  .   (no cloak)
rCorr    .         Harm     .   (no gloves)
MR       .....                  (no boots)
Stlth    +.........             (no amulet)
Regen    0.1/turn               (no ring)
MPRegen  0.1/turn               (no ring)

@: no status effects
A: no striking features
a: no special abilities


You were on level 2 of the Dungeon.
You were not hungry.

You visited 1 branch of the dungeon, and saw 2 of its levels.

You collected 59 gold pieces.

Inventory:

Hand Weapons
 a - a +0 dagger of draining
 w - a +0 hunting sling (weapon)
Missiles
 d - 20 sling bullets (quivered)
 p - 5 stones
Armour
 g - a +0 leather armour (worn)
Potions
 e - a potion of agility {unknown}
 k - 3 potions of heal wounds {unknown}
Books
 c - a book of Debilitation

   Spells                             Type                      Level
   a - Corona                         Hexes                        1
   b - Slow                           Hexes                        2
   c - Inner Flame                    Hexes/Fire                   3
   d - Portal Projectile              Hexes/Translocation          3
   e - Cause Fear                     Hexes                        4
   f - Leda's Liquefaction            Hexes/Earth                  4
Comestibles
 b - a meat ration
 f - a bread ration
 h - 2 chunks of flesh
 j - a royal jelly
 m - a fruit


   Skills:
 * Level 1.2 Fighting
 - Level 1.5(1.8) Slings
 * Level 1.4(2.0) Throwing
 * Level 0.0 Armour
 * Level 3.2 Dodging
 - Level 1.5 Spellcasting
 - Level 4.0 Hexes


You had one spell level left.
You knew the following spells:

 Your Spells              Type           Power        Failure   Level  Hunger
a - Corona                Hex            ##.....      6%          1    ##.....
b - Slow                  Hex            ##......     9%          2    ###....


Dungeon Overview and Level Annotations

Branches:
Dungeon (2/15)

Altars:


Message History

You are too injured to fight recklessly!
You are too injured to fight recklessly!
You are too injured to fight recklessly!
You are too injured to fight recklessly!
You are too injured to fight recklessly!
You are too injured to fight recklessly!
You are too injured to fight recklessly!
The bat hits you but does no damage. The bat hits you.
* * * LOW HITPOINT WARNING * * *
The bat barely misses you. The bat completely misses you. The bat hits you.
* * * LOW HITPOINT WARNING * * *
Casting: Corona
Confirm with . or Enter, or press ? or * to list all spells.
Aiming: Corona
Press: ? - help, Shift-Dir - straight line, f/p - worm
Aim: a worm (severely wounded, chance to defeat MR: 60%)
The worm struggles to resist.
The bat hits you.
You die...

#(.. .. #(..#$ # #(.#_
.#.# #.(.#....# # #..(...#
#. ###..#### ##+## #.
#....w..# ##...## #.
#.##.##.## ##.....## #.
#.......b@# ##.......## #.
#..#......###..†......###.
#. #........'.........'...
# #.#....###.........###.
........# ##.......## ##
.##......# ##.....## #
##.###.# ##...## # ... ..#
##'## # ###. ### #.# #


You could see a worm and a bat.

Vanquished Creatures
  A leopard gecko (D:1)
  2 giant cockroaches
  4 goblins (D:1)
  3 hobgoblins
  3 kobolds (D:1)
  2 bats (D:1)
  2 frilled lizards (D:1)
  6 rats
23 creatures vanquished.

Notes
Turn   | Place    | Note
-------+----------+-------------------------------------------
     0 | D:1      | Chiseanne the Deep Elf Arcane Marksman began the quest for the Orb.
     0 | D:1      | Reached XP level 1. HP: 11/11 MP: 5/5
    54 | D:1      | Reached skill level 1 in Fighting
    57 | D:1      | Reached skill level 1 in Throwing
   295 | D:1      | Reached XP level 2. HP: 12/16 MP: 6/6
  1010 | D:1      | Learned a level 2 spell: Slow
  1333 | D:2      | Found a faded altar of an unknown god.
  1341 | D:2      | Slain by a bat

Skill      XL: |  1  2 |
---------------+-------+-----
Fighting       | 1 |  1.2
Throwing       | 1 |  1.4
Dodging        | 3 |  3.2
Slings         | |  1.5
Spellcasting   | |  1.5
Hexes          | |  4.0

Action                   || total
-------------------------++-------
 Fire: Hunting sling     ||    73
 Cast: Corona            ||     3
  Use: Scroll            ||     4
  Eat: Chunk             ||     1
Armor: Robe              ||     3
       Leather armour    ||     5
Dodge: Dodged            ||    29
